 Dungeon Crawl Stone Soup version 0.22-a0-833-g8522bf8 (webtiles) character file.

121668 Amnesiac the Earth Mage (level 16, -8/106 HPs)
             Began as a Mummy Earth Elementalist on July 25, 2018.
             Was the Champion of Vehumet.
             Killed by divine providence
             ... invoked by a smoke demon
             ... summoned by an orc high priest
              (12 damage)
             ... on level 1 of the Elven Halls.
             The game lasted 01:06:50 (29397 turns).

Amnesiac the Earth Mage (Mummy Earth Elementalist) Turns: 29397, Time: 01:06:51

Health: -8/106     AC: 15    Str: 13    XL:     16   Next: 32%
Magic:  22/54      EV: 14    Int: 23    God:    Vehumet [******]
Gold:   2929       SH:  8    Dex: 12    Spells: 11/48 levels left

rFire    + . .     SeeInvis .   a - staff of death
rCold    + + .     Gourm    .   q - +3 buckler {rF+}
rNeg     + + +     Faith    .   E - +2 robe {rC+ rF+}
rPois    ∞         Spirit   .   t - +2 hat {Int+3}
rElec    +         Reflect  .   M - +2 cloak "Melis" {rElec}
rCorr    .         Harm     .   s - +2 pair of gloves
MR       ++...                  v - +2 pair of boots
Stlth    ++........             I - amulet of magic regeneration
HPRegen  0.27/turn              k - ring of magical power
MPRegen  0.59/turn              u - ring of magical power

@: no status effects
A: no food or potions, fire vulnerability, cold resistance 1, negative energy
resistance 3, torment resistance, unbreathing, in touch with death 1
a: Renounce Religion


You were on level 1 of the Elven Halls.
You worshipped Vehumet.
Vehumet was exalted by your worship.
You were not hungry.

You visited 5 branches of the dungeon, and saw 25 of its levels.
You also visited: Labyrinth, Trove and Ossuary.

You collected 3669 gold pieces.
You spent 740 gold pieces at shops.

Inventory:

Missiles
 g - 757 stones (quivered)
Armour
 q - a +3 buckler of fire resistance (worn)
 s - a +2 pair of gloves (worn)
 t - a +2 hat of intelligence (worn)
 v - a +2 pair of boots (worn)
 E - a +2 robe of resistance (worn)
 M - the +2 cloak "Melis" (worn) {rElec}
   (You found it on level 14 of the Dungeon)

   It insulates you from electricity.
Magical Staves
 a - an uncursed staff of death (weapon)
Jewellery
 f - a +6 ring of evasion
 j - the ring of the Worm {rElec rF+}
   (You found it on level 6 of the Lair of Beasts)

   [ring of protection from fire]

   It protects you from fire.
   It insulates you from electricity.
 k - a ring of magical power (left hand)
 u - a ring of magical power (right hand)
 G - an uncursed ring of wizardry
 I - an amulet of magic regeneration (around neck)
 P - the ring "Ovvyepox" {rN+ Str+4 Dex+3 Slay+5}
   (You found it in a treasure trove)

   [ring of slaying]

   It affects your strength (+4).
   It affects your dexterity (+3).
   It affects your accuracy and damage with ranged weapons and melee attacks
   (+5).
   It protects you from negative energy.
Wands
 m - a wand of clouds (7)
 o - a wand of flame (55)
 r - a wand of paralysis (39)
 A - a wand of iceblast (8)
 C - a wand of polymorph (33)
 F - a wand of enslavement (32)
 H - a wand of digging (20)
 N - a wand of random effects (30)
Scrolls
 d - 7 scrolls of remove curse {!r}
 e - 4 scrolls of magic mapping {!r}
 h - 11 scrolls of teleportation {!r}
 i - 2 scrolls of fog {!r}
 l - 2 scrolls of amnesia {!r}
 n - 3 scrolls of acquirement {!r}
 p - 5 scrolls of fear {!r}
 z - a scroll of vulnerability {!r}
 B - a scroll of summoning {!r}
 D - 10 scrolls of identify {!r}
 J - a scroll of enchant weapon {!r}
 K - 2 scrolls of enchant armour {!r}
 L - a scroll of torment {!r}
 O - a scroll of brand weapon {!r}
 S - 3 scrolls of blinking {!r}
Miscellaneous
 c - a phial of floods
 x - a fan of gales
 y - a crystal ball of energy


   Skills:
 - Level 4.0 Fighting
 + Level 10.0 Staves
 - Level 4.1 Dodging
 - Level 1.5 Stealth
 - Level 4.3 Shields
 + Level 16.6 Spellcasting
 - Level 4.0 Conjurations
 - Level 4.0 Necromancy
 - Level 0.7 Transmutations
 * Level 16.6 Earth Magic
 - Level 4.0 Evocations


You had 11 spell levels left.
You knew the following spells:

 Your Spells              Type           Power        Failure   Level  Hunger
a - Iron Shot             Conj/Erth      ######....   1%          6    N/A
b - Passwall              Tmut/Erth      ######..     1%          2    N/A
c - Stone Arrow           Conj/Erth      ######       1%          3    N/A
d - Lee's Rapid Deconstr  Erth           #######...   1%          5    N/A
e - Bolt of Draining      Conj/Necr      ######....   4%          5    N/A
f - Summon Lightning Spi  Summ/Air       ###.....     28%         4    N/A
g - Sandblast             Erth           ######       0%          1    N/A
h - Petrify               Tmut/Erth      ######..     1%          4    N/A
q - Dispel Undead         Necr           ######..     16%         5    N/A
v - Blink                 Tloc           N/A          4%          2    N/A

Your spell library contained the following spells:

 Spells                   Type           Power        Failure   Level  Hunger
 Magic Dart               Conj           ####         1%          1    N/A
 Conjure Flame            Conj/Fire      ####....     1%          3    N/A
 Bolt of Magma            Conj/Fire/Erth ######....   1%          5    N/A
 Slow                     Hex            ###.....     4%          2    N/A
 Confuse                  Hex            ###.....     9%          3    N/A
 Mephitic Cloud           Conj/Pois/Air  ####....     1%          3    N/A
 Venom Bolt               Conj/Pois      ####......   10%         5    N/A
 Summon Small Mammal      Summ           ###.         3%          1    N/A
 Summon Horrible Things   Summ           ###.......   100%        8    N/A
 Summon Ice Beast         Ice/Summ       ###.....     28%         4    N/A
 Call Imp                 Summ           ###.....     4%          2    N/A
 Sublimation of Blood     Necr           ######....   1%          2    N/A
 Tukima's Dance           Hex            ###.....     9%          3    N/A
 Summon Greater Demon     Summ           ###.......   100%        7    N/A
 Corpse Rot               Necr           N/A          1%          2    N/A
 Agony                    Necr           ######..     16%         5    N/A
 Call Canine Familiar     Summ           ###.....     9%          3    N/A
 Ensorcelled Hibernation  Hex/Ice        ###...       4%          2    N/A
 Corona                   Hex            ###....      3%          1    N/A
 Excruciating Wounds      Chrm/Necr      ######....   34%         5    N/A
 Monstrous Menagerie      Summ           ###.......   100%        7    N/A
 Orb of Destruction       Conj           #####.....   71%         7    N/A
 Malign Gateway           Summ/Tloc      ###.......   100%        7    N/A
 Iskenderun's Battlesphe  Conj/Chrm      ####....     10%         5    N/A
 Dazzling Spray           Conj/Hex       ####..       1%          3    N/A
 Summon Guardian Golem    Hex/Summ       ###.....     9%          3    N/A
 Spellforged Servitor     Conj/Summ      ####......   92%         7    N/A

Dungeon Overview and Level Annotations

Branches:
Dungeon (15/15)            Temple (0/1) D:5            Lair (6/6) D:8
  Swamp (1/4) Lair:3        Snake (0/4) Lair:2        Slime (0/5) Lair:6
    Orc (2/2) D:10            Elf (1/3) Orc:2        Vaults (0/5) D:14
 Depths (0/5) D:15

Altars:
Elyvilon
Hepliaklqana
Kikubaaqudgha
Makhleb
Qazlal
Uskayaw
Vehumet
Xom
Zin
Beogh

Shops:
D:4 =   D:5 !   D:6 [   D:7 %   Orc:1 *   Orc:2 =[!*


Innate Abilities, Weirdness & Mutations

You do not eat or drink.
Your flesh is vulnerable to fire.
You are immune to poison.
Your flesh is cold resistant. (rC+)
You are immune to negative energy. (rN+++)
You are immune to unholy pain and torment.
You can survive without breathing.
You are in touch with the powers of death.


Message History

You hear a shout! x3
Unknown command.
Casting: Bolt of Draining (safe; 4% risk of failure)
Confirm with . or Enter, or press ? or * to list all spells.
Aiming: Lee's Rapid Deconstruction (safe; 1% risk of failure)
Press: ? - help, Dir - move target cursor A rock wall.
The wall shatters!
The blast of rock fragments hits the orc warrior.
You kill the orc warrior!
Vehumet accepts your kill.
You feel your power returning.
The blast of rock fragments hits the orc warrior.
The orc warrior is lightly wounded.
The blast of rock fragments hits the deep elf sorcerer.
The deep elf sorcerer is almost dead.
The blast of rock fragments hits the orc knight.
The orc knight is almost dead.
You hear a shout! x3
The deep elf sorcerer gestures at you while chanting.
The bolt of acid misses you.
Unknown command.
Casting: Lee's Rapid Deconstruction (safe; 1% risk of failure)
Confirm with . or Enter, or press ? or * to list all spells.
Aiming: Lee's Rapid Deconstruction (safe; 1% risk of failure)
Press: ? - help, Dir - move target cursor A rock wall.
The wall shatters!
The blast of rock fragments hits the orc knight.
You kill the orc knight!
Vehumet accepts your kill.
You feel your power returning.
The blast of rock fragments hits the deep elf sorcerer.
You kill the deep elf sorcerer!
Vehumet accepts your kill.
The blast of rock fragments hits the orc warrior.
The orc warrior is moderately wounded.
You hear a shout! x3
An orc priest comes into view. It is wielding a hand axe.
The orc warrior no longer looks unusually strong.
The smoke demon gestures at you. Beogh smites you!
* * * LOW HITPOINT WARNING * * *
There is an open door here.
You close the door.
Something unseen opens the door.
There is an open door here.
You see here a scimitar of electrocution.
Which direction?
You close the door, pushing everything out of the way.
You see here a scimitar of electrocution.
You are no longer corroded.
An orc warrior opens the door.
There is an open door here.
You close the door.
An orc warrior opens the door.
Okay, then.
The smoke demon gestures at you. Beogh smites you!
* * * LOW HITPOINT WARNING * * *
Okay, then.
The smoke demon gestures at you. Beogh smites you!
You die...

#...........# ##.....##
#...........###########..P.P..#
#.......)...'.^.......'.......#
#...........###########..P.P..#
##.........## ##.....##
##[......'## ##'#...##
##.)...##.##########o####o#
##[###+####.#....o..3## #.#
##.## ##)@...)..## #o# ##.##
#.........# #)# ##.##
#.........# #)# #.##
#...........# #3# .##
#...........# #o# ##
.#...........#. o). ##
..##.........##..)... .# ..
#.........# ....... .+ ####.#..


You could see a smoke demon and an orc warrior.

Vanquished Creatures
  Gastronok (D:10)
  A deep elf sorcerer (Elf:1)
  An orc warlord (Elf:1)
  A minotaur (Lab)
  Snorg (D:12)
  Josephine (D:12)
  A vault guard (D:14)
  Fannar (Orc:1)
  10 hydras
  A merfolk avatar (Lair:6)
  Erica (D:9)
  Harold (D:9)
  2 centaur warriors (D:15)
  2 catoblepae
  An ogre mage (D:15)
  16 two-headed ogres
  A rakshasa (D:15)
  5 death yaks
  A tengu warrior (D:14)
  3 dancing weapons (Elf:1)
  An orc high priest (Orc:2)
  A deep elf knight (Elf:1)
  4 unseen horrors
  A sea snake (shapeshifter) (D:15)
  A wizard (D:15)
  2 sea snakes (Lair:6)
  A glowing orange brain (D:15)
  2 harpies (Lair:6)
  18 deep elf magi
  A shining eye (shapeshifter) (D:15)
  18 ugly things
  10 orc knights
  A faun (shapeshifter) (D:15)
  An orc sorcerer (Orc:2)
  2 centaur zombies
  3 cyclopes
  A manticore (D:14)
  3 elephants (Lair:6)
  8 black mambas
  Maurice (D:9)
  2 gargoyles
  A spiny frog (shapeshifter) (D:15)
  12 spiny frogs
  A redback zombie (D:15)
  10 rime drakes
  3 efreet (D:15)
  4 trolls
  5 komodo dragons
  3 freezing wraiths
  4 polar bears
  2 wind drakes
  A tengu conjurer (D:15)
  Prince Ribbit (D:7)
  11 blink frogs
  11 dream sheep (Lair:4)
  A hornet (Lair:6)
  20 hippogriffs
  10 slime creatures (D:15)
  Sigmund (D:2)
  3 shadows
  2 vampires
  A spriggan (D:10)
  5 wraiths (D:12)
  12 wyverns
  Eustachio (D:6)
  A human (shapeshifter) (D:15)
  17 yaks
  2 steam dragons
  8 basilisks
  9 vampire mosquitoes
  12 wargs
  3 hungry ghosts
  3 nagas (Lair:2)
  2 soldier ants
  Edmund (D:3)
  Menkaure (D:4)
  An acid dragon (D:13)
  18 water moccasins
  38 orc warriors
  10 porcupines
  2 ice beasts (D:8)
  10 ogres
  4 black bears
  2 eyes of draining
  2 necrophages
  4 phantoms
  4 sky beasts
  12 wolves
  3 boggarts (D:15)
  13 crocodiles
  9 centaurs
  3 big kobolds
  22 bullfrogs
  Blork the orc (D:6)
  2 wyvern zombies
  3 scorpions (D:4)
  20 killer bees
  6 wights (D:11)
  2 electric eels (D:8)
  6 howler monkeys
  6 crimson imps
  3 quasits
  4 hounds
  7 jellies
  Crazy Yiuf (D:6)
  17 orc priests
  8 iguanas
  17 orc wizards
  A bullfrog skeleton (D:4)
  5 centaur skeletons
  Ijyb (D:3)
  9 worker ants
  Natasha (thrice) (D:3)
  11 hell rats (Lair:1)
  3 bullfrog simulacra (D:8)
  2 big kobold zombies (Ossuary)
  A mummy (Ossuary)
  A worker ant zombie (D:9)
  10 gnolls
  12 adders
  A howler monkey skeleton (D:7)
  13 river rats (Lair:1)
  4 shadow imps
  A white imp (D:8)
  A worker ant simulacrum (D:8)
  2 oozes (Lair:6)
  4 adder zombies (Ossuary)
  An adder skeleton (D:4)
  5 worms
  2 dart slugs
  5 leopard geckos
  100 orcs
  4 giant cockroaches
  13 goblins
  12 hobgoblins
  14 jackals
  10 quokkas
  3 ball pythons
  10 bats
  5 frilled lizards
  A goblin zombie (Ossuary)
  13 hobgoblin zombies (Ossuary)
  A jackal zombie (Ossuary)
  25 kobolds
  8 kobold zombies (Ossuary)
  5 orc zombies (Ossuary)
  25 rats
  3 rat zombies (Ossuary)
928 creatures vanquished.

Vanquished Creatures (others)
  An orc wizard (D:5)
  2 orcs (D:5)
  A frilled lizard (D:4)
  34 fungi
  8 plants
46 creatures vanquished.

Grand Total: 974 creatures vanquished

Notes
Turn   | Place    | Note
-------+----------+-------------------------------------------
     0 | D:1      | Amnesiac the Mummy Earth Elementalist began the quest for the Orb.
     0 | D:1      | Reached XP level 1. HP: 13/13 MP: 4/4
   547 | D:2      | Reached XP level 2. HP: 19/19 MP: 3/5
   551 | D:2      | Learned a level 2 spell: Passwall
   659 | D:2      | Noticed Sigmund
   941 | D:3      | Reached XP level 3. HP: 22/24 MP: 7/7
   958 | D:4      | Learned a level 3 spell: Stone Arrow
  1380 | D:4      | Found Xamiagh's Jewellery Boutique.
  1395 | D:4      | Found a stormy altar of Qazlal.
  1474 | D:4      | Noticed a scorpion
  1476 | D:4      | Reached XP level 4. HP: 30/30 MP: 1/9
  1674 | D:4      | Noticed Menkaure
  1693 | D:4      | Killed Menkaure
  1693 | D:4      | Reached XP level 5. HP: 35/35 MP: 6/11
  1699 | D:4      | Learned a level 4 spell: Petrify
  1765 | D:4      | Found a shimmering altar of Xom.
  1783 | D:4      | Noticed Edmund
  2110 | D:4      | Reached XP level 6. HP: 36/41 MP: 8/13
  2234 | D:4      | Reached skill level 5 in Earth Magic
  2251 | D:4      | Reached skill level 5 in Spellcasting
  2543 | D:4      | Got a polished chain mail
  2554 | D:4      | Identified the +4 chain mail of Jihualud {Str+3 Dex+3} (You found it on level 4 of the Dungeon)
  2768 | D:5      | Entered Level 5 of the Dungeon
  2822 | D:5      | Reached XP level 7. HP: 36/46 MP: 11/15
  2841 | D:5      | Learned a level 5 spell: Lee's Rapid Deconstruction
  3472 | D:5      | Found Lizxuhuo's Distillery.
  3679 | D:5      | Found a radiant altar of Vehumet.
  3925 | D:5      | Found a staircase to the Ecumenical Temple.
  4067 | D:5      | Became a worshipper of Vehumet
  5017 | D:2      | Found a hazy altar of Hepliaklqana.
  5027 | D:2      | Reached * piety under Vehumet
  5027 | D:2      | Offered knowledge of Shock by Vehumet.
  5095 | D:2      | Killed Sigmund
  5527 | D:3      | Noticed Natasha
  5532 | D:3      | Killed Natasha
  5532 | D:3      | Reached XP level 8. HP: 37/52 MP: 3/18
  5620 | D:3      | Noticed Ijyb
  5631 | D:3      | Killed Ijyb
  5669 | D:3      | Found a faded altar of an unknown god.
  5907 | D:3      | Found a white marble altar of Elyvilon.
  6175 | D:3      | Noticed Natasha
  6179 | D:3      | Killed Natasha
  6357 | D:3      | Found a faded altar of an unknown god.
  6489 | D:3      | Noticed Natasha
  6496 | D:3      | Killed Natasha
  6542 | D:3      | Killed Edmund
  6587 | D:3      | Found a white marble altar of Elyvilon.
  6910 | D:6      | Found a sand-covered staircase.
  6941 | Ossuary  | Entered an ossuary
  7003 | Ossuary  | Offered knowledge of Freeze by Vehumet.
  7022 | Ossuary  | Reached ** piety under Vehumet
  7445 | D:6      | Found Kongar's Armour Emporium.
  7534 | D:6      | Found a runed door.
  7571 | D:6      | Noticed Blork the orc
  7581 | D:6      | Killed Blork the orc
  7618 | D:6      | Offered knowledge of Ignite Poison by Vehumet.
  7629 | D:6      | Noticed Eustachio
  7640 | D:6      | Killed Eustachio
  8052 | D:6      | Noticed Crazy Yiuf
  8056 | D:6      | Killed Crazy Yiuf
  8056 | D:6      | Reached XP level 9. HP: 57/57 MP: 18/21
  8221 | D:7      | Reached *** piety under Vehumet
  8318 | D:7      | Found a hide-covered altar of Uskayaw.
  8347 | D:7      | Noticed Prince Ribbit
  8369 | D:7      | Killed Prince Ribbit
  8374 | D:7      | Offered knowledge of Airstrike by Vehumet.
  8391 | D:7      | Found a burning altar of Makhleb.
  8442 | D:7      | Found Erruf's Food Boutique.
  8547 | D:7      | Found a glowing silver altar of Zin.
  8587 | D:7      | Found an ancient bone altar of Kikubaaqudgha.
  9096 | D:8      | Noticed a two-headed ogre
  9102 | D:8      | Reached skill level 10 in Earth Magic
  9104 | D:8      | Reached skill level 10 in Spellcasting
  9107 | D:8      | Killed a two-headed ogre
  9107 | D:8      | Reached skill level 1 in Fighting
  9107 | D:8      | Reached skill level 1 in Evocations
  9107 | D:8      | Reached XP level 10. HP: 30/65 MP: 5/24
  9291 | D:8      | Reached skill level 1 in Staves
  9291 | D:8      | Reached skill level 1 in Shields
  9439 | D:8      | Found a staircase to the Lair.
  9480 | D:8      | Reached **** piety under Vehumet
  9724 | D:8      | Offered knowledge of Conjure Flame by Vehumet.
 10056 | D:8      | Reached ***** piety under Vehumet
 10056 | D:8      | Offered knowledge of Force Lance by Vehumet.
 10194 | Lair:1   | Entered Level 1 of the Lair of Beasts
 10403 | D:9      | Noticed Maurice
 10413 | D:9      | Killed Maurice
 10677 | D:9      | Noticed a two-headed ogre
 10681 | D:9      | Killed a two-headed ogre
 10681 | D:9      | Reached XP level 11. HP: 77/77 MP: 17/25
 10776 | D:9      | Noticed Harold
 10898 | D:9      | Killed Harold
 11312 | D:9      | Noticed a two-headed ogre
 11321 | D:9      | Killed a two-headed ogre
 11329 | D:9      | Noticed Erica
 11349 | D:9      | Killed Erica
 11622 | D:10     | Entered Level 10 of the Dungeon
 11632 | D:10     | Noticed a two-headed ogre
 11790 | D:10     | Noticed Gastronok
 11815 | D:10     | Killed Gastronok
 11815 | D:10     | Reached skill level 5 in Staves
 11824 | D:10     | HP: 3/77 [centaur warrior zombie (4)]
 12263 | D:10     | Killed a two-headed ogre
 12271 | D:10     | Found a staircase to the Orcish Mines.
 12736 | Orc:1    | Entered Level 1 of the Orcish Mines
 12736 | Orc:1    | Noticed Fannar
 12737 | Orc:1    | Found Suiriwu's General Store.
 12757 | Orc:1    | Killed Fannar
 12757 | Orc:1    | Reached XP level 12. HP: 66/83 MP: 5/27
 13317 | Orc:2    | Entered Level 2 of the Orcish Mines
 13350 | Orc:2    | Found a labyrinth entrance.
 13365 | Orc:2    | Offered knowledge of Venom Bolt by Vehumet.
 13367 | Lab      | Identified a paperback manual
 13367 | Lab      | Entered a labyrinth
 13536 | Lab      | Noticed a minotaur
 13545 | Lab      | Killed a minotaur
 13547 | Lab      | Got a steaming dagger {pain}
 13548 | Lab      | Identified the cursed +3 dagger "Ceoroa" {pain, +Rage rElec rC+ rN++} (You took it off a minotaur in a labyrinth)
 13562 | Lab      | Got a tiger eye-encrusted chain mail
 13562 | Lab      | Got a faintly glowing scale mail
 13562 | Lab      | Got a smoking helmet
 13573 | Lab      | Identified the +2 helmet of Impressiveness {Str+6} (You found it in a labyrinth)
 13584 | Lab      | Identified the +4 chain mail "Xafat" {rElec rF- Str+2 Int+7} (You found it in a labyrinth)
 13594 | Lab      | Identified the +2 scale mail of the Lumpy Princes {+Inv MR++ Dex-5} (You found it in a labyrinth)
 13918 | Orc:2    | Found a staircase to the Elven Halls.
 14111 | Orc:2    | Found Ujebbie's Distillery.
 14111 | Orc:2    | Found Gaer's Assorted Antiques.
 14132 | Orc:2    | Noticed an orc high priest
 14139 | Orc:2    | Killed an orc high priest
 14343 | Orc:2    | Learned a level 2 spell: Blink
 15223 | Orc:2    | Found a roughly hewn altar of Beogh.
 15280 | Orc:2    | Found Neoptip's Jewellery Shoppe.
 15280 | Orc:2    | Found Legimust's Antique Armour Boutique.
 15295 | Orc:2    | Bought an uncursed ring of magical power for 260 gold pieces
 15532 | D:4      | Bought an uncursed amulet of magic regeneration for 360 gold pieces
 15825 | Orc:1    | Bought a scroll of enchant weapon for 120 gold pieces
 16078 | D:11     | Gained mutation: You are in touch with the powers of death. [Mummy growth]
 16078 | D:11     | Reached XP level 13. HP: 88/88 MP: 29/29
 16103 | D:11     | Learned a level 4 spell: Summon Lightning Spire
 16266 | D:11     | Offered knowledge of Bolt of Magma by Vehumet.
 17009 | D:12     | Noticed Snorg
 17037 | D:12     | Noticed Josephine
 17041 | D:12     | Killed Josephine
 17172 | D:12     | Killed Snorg
 17442 | D:12     | Found a portal to a secret trove of treasure.
 17592 | D:12     | Learned a level 5 spell: Bolt of Draining
 17595 | D:12     | Reached skill level 1 in Conjurations
 17819 | D:12     | Reached skill level 1 in Necromancy
 18692 | D:13     | Found a shimmering altar of Xom.
 19789 | D:14     | Reached XP level 14. HP: 95/95 MP: 31/31
 19851 | D:14     | Learned a level 5 spell: Dispel Undead
 20090 | D:14     | Got a translucent cloak
 20109 | D:14     | Found a gate to the Vaults.
 20395 | D:15     | Entered Level 15 of the Dungeon
 21104 | D:15     | Reached ****** piety under Vehumet
 21339 | D:15     | Offered knowledge of Lightning Bolt by Vehumet.
 21726 | D:15     | Found a staircase to the Depths.
 21741 | D:15     | Identified the +2 cloak "Melis" {rElec} (You found it on level 14 of the Dungeon)
 22415 | Lair:1   | Reached skill level 15 in Earth Magic
 22531 | Lair:1   | Got a crude scale mail
 23017 | Lair:2   | Reached skill level 15 in Spellcasting
 23075 | Lair:2   | Got an encrusted plate armour
 23113 | Lair:2   | Identified the +6 plate armour "Jocaudd" {rPois} (You found it on level 2 of the Lair of Beasts)
 23123 | Lair:2   | Identified the +0 scale mail of Orthodoxy {+Inv MR+ Dex+4 SInv} (You found it on level 1 of the Lair of Beasts)
 23241 | Lair:2   | Reached XP level 15. HP: 100/100 MP: 34/34
 23254 | Lair:2   | Found a staircase to the Snake Pit.
 23562 | Lair:2   | Offered knowledge of Iron Shot by Vehumet.
 23570 | Lair:2   | Learned a level 6 spell: Iron Shot
 23584 | Lair:2   | Identified 2 scrolls of acquirement {!r}
 23723 | D:12     | You paid a toll of 2 scrolls of acquirement to enter a treasure trove
 23724 | Trove    | Entered a treasure trove
 23734 | Trove    | Got a faintly glowing bone ring
 23738 | Trove    | Got a smoking silver ring
 23740 | Trove    | Got a shimmering hunting sling
 23742 | Trove    | Got a pair of brightly glowing gloves
 23747 | Trove    | Got a jewelled great sword
 23751 | Trove    | Got a bound brass ring
 23806 | Trove    | Identified the +1 pair of gloves "Ganiudawn" {+Inv Str+8 Int-2 Dex-2} (You found it in a treasure trove)
 23813 | Trove    | Identified the ring of Trepidation {rCorr rF- MR+ SInv} (You found it in a treasure trove)
 23816 | Trove    | Identified the ring "Ovvyepox" {rN+ Str+4 Dex+3 Slay+5} (You found it in a treasure trove)
 23818 | Trove    | Identified the ring of Baaf Dot {rN++ Str+4 Int+2} (You found it in a treasure trove)
 23852 | D:12     | Identified the cursed +2 hunting sling of Calamity {freeze, Str+4} (You found it in a treasure trove)
 23859 | D:12     | Identified the +8 great sword of Responsibility {slice, rC- Int+4 SInv Stlth+} (You found it in a treasure trove)
 24478 | Lair:3   | Found a staircase to the Swamp.
 24942 | Swamp:1  | Entered Level 1 of the Swamp
 25352 | Lair:4   | Offered knowledge of Poison Arrow by Vehumet.
 26176 | Lair:5   | Got a brightly glowing whip
 26969 | Lair:6   | Entered Level 6 of the Lair of Beasts
 27068 | Lair:5   | Identified the +4 whip of the Sugar Beet {chaos, MR+ Int+4 Dex+3} (You found it on level 5 of the Lair of Beasts)
 27868 | Lair:6   | Found a staircase to the Slime Pits.
 27872 | Lair:6   | Offered knowledge of Bolt of Cold by Vehumet.
 28324 | Lair:6   | Reached XP level 16. HP: 106/106 MP: 36/36
 28348 | Lair:6   | Got a scorched hand axe
 28354 | Lair:6   | Got a wavering glass ring
 28494 | Lair:6   | Identified the +11 hand axe of Ashenzari's Generosity {venom, +Blink rF+ SInv} (You found it on level 6 of the Lair of Beasts)
 28496 | Lair:6   | Identified the ring of the Worm {rElec rF+} (You found it on level 6 of the Lair of Beasts)
 28777 | Elf:1    | Entered Level 1 of the Elven Halls
 29086 | Elf:1    | Got a bloodstained scale mail
 29099 | Elf:1    | Identified the cursed +1 scale mail "Lojuqamo" {rPois} (You found it on level 1 of the Elven Halls)
 29376 | Elf:1    | Reached skill level 10 in Staves
 29396 | Elf:1    | HP: 4/106 [smoke demon/divine providence[an orc high priest] (14)]
 29397 | Elf:1    | Killed from afar by a smoke demon

Vault maps used:
D:1:      lemuel_arrival_tunnels
D:2:      overflow_temple_1_default, uniq_sigmund
D:3:      cheibrodos_old_hovel, lemuel_crystal_altar,
          chequers_ecumenical_altar_simple, uniq_ijyb, uniq_natasha
D:4:      lemuel_crystal_altar, grunt_qazlal_clouds, serial_shops,
          nicolae_shop_stone, first_ration, uniq_edmund, uniq_menkaure
D:5:      vehumet_crystals, lemuel_temple_firewalk_b, serial_shops,
          kennysheep_little_box
D:6:      enter_ossuary_1, grunt_decor_arrowhead, kennysheep_small_circle,
          uniq_crazy_yiuf_cottage, uniq_blork_the_orc, uniq_eustachio
D:7:      nicolae_overflow_quartered_altars, serial_shops, shop, st_stairs_7,
          uniq_prince_ribbit1
D:8:      due_lair_maze_entry_diamond, serial_ice, serial_ice_g, serial_ice_j,
          serial_ice_e, serial_ice_m, st_stairs_13
D:9:      grunt_ministairs_9, uniq_erica, uniq_maurice, uniq_harold
D:10:     david_orc_1_choice, the_bakery, uniq_gastronok
D:11:     due_unseen_surprise
D:12:     enter_trove_2, uniq_josephine, uniq_snorg
D:13:     basic_altar
D:14:     david_vaults_5, hangedman_decor_clover_reticule
D:15:     gammafunk_enter_depths_forms
Lair:1:   lemuel_ratsnest, grunt_forest_stairs_basic
Lair:2:   minmay_snake_entry_guardpost_medium, st_stairs_13
Lair:3:   minmay_swamp_entry_swarm
Lair:4:   minivault_27
Lair:5:   special_room
Lair:6:   gammafunk_lair_ancient_temple, nicolae_slime_entry_slimehenge
Swamp:1:  nicolae_swamp_orc_logging_accident
Orc:1:    serial_shops, nicolae_shop_crystal, uniq_fannar
Orc:2:    st_orc_town, lab_entry_generic
Elf:1:    minmay_elf_arrival_summoners, special_room, orc_legates,
          nicolae_elf_glass_and_crystal_pillar_2
Lab:      labyrinth_spiral, labyrinth_skeletal_remains, nicolae_lab_starburst,
          nicolae_lab_dead_end, lab_hedge, nicolae_lab_do_over
Trove:    trove_simple
Ossuary:  ossuary_tomb_1

Skill      XL: |  1  2  3  4  5  6  7  8  9 10 11 12 13 14 15 16 |
---------------+-------------------------------------------------+-----
Earth Magic    | 3 4 5 6 8 10 11 12 13 15 16 | 16.6
Spellcasting   | 3 4 5 6 8 10 11 12 13 15 16 | 16.6
Fighting       | 1 4 |  4.0
Dodging        | 2 3 4 |  4.1
Evocations     | 1 3 4 |  4.0
Staves         | 3 5 7 8 9 10 | 10.0
Shields        | 3 4 |  4.3
Conjurations   | 4 |  4.0
Necromancy     | 4 |  4.0
Stealth        | |  1.5
Transmutations | |  0.7

Action                   |  1- 3 |  4- 6 |  7- 9 | 10-12 | 13-15 | 16-18 || total
-------------------------+-------+-------+-------+-------+-------+-------++-------
Melee: Unarmed           |    39 |       |       |       |       |       ||    39
       Rapier            |    23 |    20 |   106 |       |       |       ||   149
       Quarterstaff      |       |       |   235 |   415 |    81 |       ||   731
       Flail             |       |       |     9 |       |       |       ||     9
       Dagger            |       |       |       |     1 |    25 |       ||    26
       Staff             |       |       |       |       |    67 |       ||    67
 Cast: Sandblast         |    30 |    47 |    19 |    35 |       |       ||   131
       Stone Arrow       |     6 |     3 |   113 |    79 |       |       ||   201
       Passwall          |       |     1 |     3 |     1 |     4 |       ||     9
       Lee's Rapid Decon |       |       |    23 |   175 |   167 |    23 ||   388
       Petrify           |       |       |       |     5 |     1 |       ||     6
       Bolt of Draining  |       |       |       |       |   496 |    24 ||   520
       Dispel Undead     |       |       |       |       |    12 |       ||    12
       Iron Shot         |       |       |       |       |       |     9 ||     9
       Blink             |       |       |       |       |       |     1 ||     1
Evoke: Wand              |       |       |     2 |     2 |     2 |       ||     6
  Use: Scroll            |     2 |       |    10 |    15 |     8 |     1 ||    36
 Stab: Sleeping          |     2 |       |     3 |     3 |       |       ||     8
       Paralysed         |       |       |     3 |     4 |       |       ||     7
       Distracted        |       |       |       |     1 |       |       ||     1
       Petrified         |       |       |       |     4 |       |       ||     4
Armor: Robe              |    10 |     9 |    15 |    16 |   144 |     1 ||   195
       Leather armour    |       |       |    70 |    86 |       |       ||   156
       Chain mail        |       |       |       |    80 |       |       ||    80
Dodge: Dodged            |    35 |    28 |   387 |   511 |   170 |     2 ||  1133
Block: Buckler           |       |       |       |       |    62 |     3 ||    65

Table legend:
 A = Spawn XP
 B = Non-spawn XP
 C = Spawn XP percentage of total XP
 D = Spawn monster count
 E = Non-spawn monster count
 F = Spawn count percentage of total count
 G = Total turns spent on level
                    A         B        C        D         E        F      G
               +---------+---------+-------+---------+---------+-------+---------
         Total |       0 |  173812 |   0.0 |       0 |     928 |   0.0 | 29397
               +---------+---------+-------+---------+---------+-------+---------
           D:1 |       0 |      50 |   0.0 |       0 |      31 |   0.0 |  1113
           D:2 |       0 |     267 |   0.0 |       0 |      20 |   0.0 |   943
           D:3 |       0 |     538 |   0.0 |       0 |      36 |   0.0 |  1534
           D:4 |       0 |     577 |   0.0 |       0 |      24 |   0.0 |  1895
           D:5 |       0 |     457 |   0.0 |       0 |      20 |   0.0 |  1407
           D:6 |       0 |     821 |   0.0 |       0 |      17 |   0.0 |   952
           D:7 |       0 |    1548 |   0.0 |       0 |      29 |   0.0 |  1132
           D:8 |       0 |    4969 |   0.0 |       0 |      65 |   0.0 |  1162
           D:9 |       0 |    5778 |   0.0 |       0 |      35 |   0.0 |  1575
          D:10 |       0 |    5946 |   0.0 |       0 |      32 |   0.0 |  1303
          D:11 |       0 |    7776 |   0.0 |       0 |      49 |   0.0 |  1334
          D:12 |       0 |    8544 |   0.0 |       0 |      30 |   0.0 |  1026
          D:13 |       0 |    2805 |   0.0 |       0 |      15 |   0.0 |   968
          D:14 |       0 |   15376 |   0.0 |       0 |      45 |   0.0 |  1436
          D:15 |       0 |   25699 |   0.0 |       0 |      66 |   0.0 |  1396
        Lair:1 |       0 |    4911 |   0.0 |       0 |      65 |   0.0 |  1072
        Lair:2 |       0 |    4285 |   0.0 |       0 |      15 |   0.0 |   699
        Lair:3 |       0 |    8646 |   0.0 |       0 |      35 |   0.0 |   962
        Lair:4 |       0 |    6646 |   0.0 |       0 |      24 |   0.0 |   860
        Lair:5 |       0 |   15158 |   0.0 |       0 |      48 |   0.0 |  1636
        Lair:6 |       0 |   18466 |   0.0 |       0 |      52 |   0.0 |  1158
         Orc:1 |       0 |    2678 |   0.0 |       0 |      23 |   0.0 |   939
         Orc:2 |       0 |   10793 |   0.0 |       0 |      83 |   0.0 |  1480
         Elf:1 |       0 |   19727 |   0.0 |       0 |      30 |   0.0 |   620
           Lab |       0 |    1231 |   0.0 |       0 |       1 |   0.0 |   290
       Ossuary |       0 |     120 |   0.0 |       0 |      38 |   0.0 |   400
               +---------+---------+-------+---------+---------+-------+---------
